 Dungeon Crawl Stone Soup version 0.31-a0-532-g28f74ba3e5 (webtiles) character file.

Game seed: 9832797792983112223

126 Crownlay the Digger (level 5, -2/31 HPs)
             Began as an Octopode Earth Elementalist on Aug 12, 2023.
             Slain by an adder (4 damage)
             ... on level 2 of the Dungeon.
             The game lasted 00:04:34 (1532 turns).

Crownlay the Digger (Octopode Earth Elementalist)   Turns: 1532, Time: 00:04:34

Health: -2/31      AC:  1    Str:  7    XL:     5   Next: 9%
Magic:  1/9        EV: 13    Int: 20    God:
Gold:   67         SH:  0    Dex: 12    Spells: 2/10 levels left

rFire   . . .        h - +0 dagger
rCold   . . .        (no shield)
rNeg    . . .        (helmet restricted)
rPois   .            (no amulet)
rElec   .            (no ring)
rCorr   .            (no ring)
SInv    .            (no ring)
Will    .....        (no ring)
Stlth   +++          (no ring)
HPRegen 0.25/turn    (no ring)
MPRegen 0.11/turn    (no ring)
                     (no ring)

%: no passive effects
@: lethally poisoned (-2 -> -7)
A: almost no armour, amphibious, 8 rings, camouflage 1, gelatinous body 1,
(nimble swimmer 1), tentacles
a: no special abilities


You were on level 2 of the Dungeon.
You visited 1 branch of the dungeon, and saw 2 of its levels.

You collected 67 gold pieces.

Inventory:

Hand Weapons
 h - a +0 dagger (weapon)
Scrolls
 b - 2 scrolls of identify
 e - 2 scrolls of amnesia
 g - a scroll of revelation {unknown}
Potions
 a - a potion of magic
 c - 2 potions of heal wounds
 d - a potion of brilliance {unknown}
 f - a potion of curing {unknown}


   Skills:
 - Level 2.0 Dodging
 - Level 2.6 Stealth
 + Level 3.1 Spellcasting
 - Level 1.0 Transmutations
 * Level 4.9 Earth Magic


You had 2 spell levels left.
You knew the following spells:

 Your Spells              Type           Power      Damage    Failure   Level
a - Sandblast             Erth           44%        2d11      1%          1
b - Stone Arrow           Conj/Erth      26%        3d8       16%         3
c - Petrify               Tmut/Erth      15%        N/A       38%         4

Your spell library contained the following spells:

 Spells                   Type           Power      Damage    Failure   Level
 Passwall                 Tmut/Erth      12%        N/A       6%          2
 Wereblood                Tmut           7%         N/A       14%         2
 Irradiate                Conj/Tmut      2%         3d12      97%         5


Dungeon Overview and Level Annotations

Branches:
Dungeon (2/15)

Altars:

Annotations:
D:2 Terence


Innate Abilities, Weirdness & Mutations

You cannot wear most types of armour.
You are amphibious.
You can wear up to eight rings at the same time.
Your skin changes colour to match your surroundings (Stealth+).
Your rubbery body absorbs attacks. (AC +1, EV +1)
((You are camouflaged when in or above water. (Stealth+)))
You have tentacles for arms and can constrict up to eight enemies at once.


Message History

Magic restored.
A dart slug comes into view.
The blast of sand misses the bat.
The bat misses you.
The blast of sand hits the gnoll!
You kill the gnoll!
The bat hits you.
The blast of sand hits the bat!
You kill the bat!
A gnoll comes into view. It is wielding a +0 whip.
You see here a bat corpse.
A gnoll comes into view. It is wielding a +0 flail.
The gnoll shouts!
An adder comes into view.
There is a stone staircase leading down here.
The blast of sand hits the dart slug!
You kill the dart slug!
The gnoll shouts!
A quokka comes into view.
You have reached level 5!
You feel clever.
The blast of sand hits the gnoll!
The gnoll is severely wounded.
The blast of sand hits the gnoll.
You kill the gnoll!
The blast of sand misses the adder.
The adder bites you.
You are poisoned.
The adder poisons you! The gnoll closely misses you. The adder bites you.
The blast of sand misses the adder.
You feel sick. The adder bites you.
You are more poisoned.
The adder poisons you! The quokka bites you. The gnoll barely misses you.
The adder bites you. The gnoll misses you. The quokka bites you.
You are too injured to fight recklessly!
You are too injured to fight recklessly!
The gnoll attacks as you move away! The gnoll hits you with a +0 flail!
* * * LOW HITPOINT WARNING * * *
x2 You feel sick.
You see here a bat corpse.
* * * LOW HITPOINT WARNING * * *
You feel sick. The adder bites you.
You die...

.........# #######
.......^(###########......
....†................#####
..........######......##
.........# ##........###
.........# ###.........#~≈
.....)=>.###............).
.....)g.S..............#~≈
.....#..#@.#######.....###
#..........#.....#......##
##.#.#....)...<...........
.........[#.#...#.#.....##
.#.##.....#..._...#.....#
.........#.<...<.#.....#
.###....#...#.).#.....#
#....##...).##.....#
......###.###.....##


You could see a gnoll and an adder.

Vanquished Creatures
  A hound (D:2)
  Robin (D:2)
  3 gnolls (D:2)
  A worm (D:2)
  2 dart slugs
  4 endoplasms (D:1)
  3 giant cockroaches (D:1)
  13 goblins
  3 hobgoblins
  3 kobolds
  3 ball pythons (D:1)
  3 bats
  3 frilled lizards (D:1)
  8 rats
51 creatures vanquished.

Notes
Turn   | Place    | Note
-------+----------+-------------------------------------------
     0 | D:1      | Crownlay the Octopode Earth Elementalist began the quest
                  | for the Orb.
     0 | D:1      | Reached XP level 1. HP: 11/11 MP: 3/3
    74 | D:1      | Reached XP level 2. HP: 12/17 MP: 1/5
   492 | D:1      | Reached XP level 3. HP: 21/21 MP: 2/6
   496 | D:1      | Learned a level 3 spell: Stone Arrow
   985 | D:2      | Found a faded altar of an unknown god.
  1060 | D:2      | Reached skill level 4 in Earth Magic
  1066 | D:2      | Reached XP level 4. HP: 19/27 MP: 0/8
  1159 | D:2      | Noticed Terence
  1168 | D:2      | Learned a level 4 spell: Petrify
  1305 | D:2      | Noticed Robin
  1425 | D:2      | Killed Robin
  1527 | D:2      | Reached XP level 5. HP: 31/31 MP: 4/9
  1532 | D:2      | Slain by an adder

Illustrated notes

Levels and vault maps discovered:
D:1:      scummos_arrival_star, layout_loops_ring
D:2:      layout_rooms, nicolae_ecumenical_pavilion,
          amcnicky_mini_rare_corridor_liquid, uniq_robin, uniq_terence

Skill      XL: |  1  2  3  4 |
---------------+-------------+-----
Earth Magic    | 4 |  4.9
Spellcasting   | 3 |  3.1
Dodging        | |  2.0
Stealth        | |  2.6
Transmutations | |  1.0

Action                     |  1- 3 |  4- 6 || total
---------------------------+-------+-------++-------
  Melee: Unarmed           |    14 |     4 ||    18
         Tentacles         |     5 |     2 ||     7
         Constrict         |     3 |     1 ||     4
   Cast: Sandblast         |    43 |    31 ||    74
    Use: Scroll            |     2 |       ||     2
 Armour: Skin              |     4 |     3 ||     7
  Dodge: Dodged            |    29 |    21 ||    50

Table legend: (Time is in decaauts)
 A = Elapsed time spent in this place.
 B = Non-inter-level travel time spent in this place.
 C = Inter-level travel time spent in this place.
 D = Time resting spent in this place.
 E = Time spent auto-exploring this place.
 F = Levels seen in this place.
 G = Mean time per level.
                   A        B        C        D        E       F      G
               +--------+--------+--------+--------+--------+-----+--------+
         Total |   1570 |   1537 |     33 |     96 |   1145 |   2 |  785.0 |
       Dungeon |   1570 |   1537 |     33 |     96 |   1145 |   2 |  785.0 |
               +--------+--------+--------+--------+--------+-----+--------+

Top non-repeatable levels by time:
     D:1: 1098 daAuts
     D:2: 471 daAuts
